Workbook

Sheet Title Page
C4: VA-240920-NTT: Managed Public Cloud Services | N4: Exhibit 4.1: Pricing and Volumes Matrix
C16: Exhibit 4.1
C17: Pricing and Volumes Matrix
G19: Modification No. 02
C22: VA-240920-NTT: Managed Public Cloud Services
C25: COMMONWEALTH OF VIRGINIA
C26: VIRGINIA IT AGENCY
C27: SUPPLY CHAIN MANAGEMENT
C29: 7325 BEAUFONT SPRINGS DR.
C30: RICHMOND, VA, 23225

Sheet Pricing Structure Instructions
B2: Pricing Structure Instructions
B4: The Commonwealth is interested in creating the best possible pricing structure for the Services. In light of that fact, Supplier is invited to propose a pricing structure that they believe will serve the interests of both parties in the forms of this exhibit and describe such structure in as much detail as possible in Exhibit 4.2 (Resource Unit Definitions). All pricing models must incorporate billing in arears for services rendered.
B6: The Commonwealth will contemplate any proposed pricing structure along five dimensions:
B7: 1. Predictable: To the greatest extent possible, customers should be able to forecast charges ahead of time; changes in pricing that occur over time should not be a surprise.
B8: 2. Manageable: The pricing should not be so complex that it is difficult to administer. If quantities of work or equipment in the environment must be measured, then those quantities should be as easy and transparent as possible to measure.
B9: 3. Effective Cost Proxy: The service pricing must be a reasonable proxy for a services Supplier’s underlying costs and should adequately recover those costs. Additionally, to the extent possible, the party that causes any incremental cost should bear that cost.
B10: 4. Incentives: All pricing structures will incentivize certain behaviors and discourage others. The goals of the sourcing program must be kept in mind when considering the behaviors that might be driven by a pricing structure. For example, a goal to encourage server consolidation might include reduced cost at a centralized data center.
B11: 5. Flexible: As consumption moves up and down, the charges should also adjust. Technology is an evolving industry, and the ability to turn down an old service to turn up a new service is one of the benefits of an efficient IT sourcing agreement. Such adjustments may include minor volume changes month to month, significant scope additions, reductions, or terminations, and ability of large Suppliers to re-deploy investments.
B13: As an example, a ticket-based methodology (incident, problem, change), would make it easier for the Supplier to recover their costs, it would be harder to predict the charges, manage the counts, and may drive unfortunate incentives.
B14: Supplier should fill out the forms in this Exhibit utilizing its proposed Pricing Structure. Supplier should: *Identify the individual Resource Units and the related billing metric, *Logically group sets of Resource Units into "Resource Unit Categories" as appropriate, for ease of reference, and *Identify the Tower Services (Server & Storage, Data Center, End User Support, or Voice and Data Networks) that the Resource Units belong to.
B16: Example
B17: The Example below shows how to fill out the forms:
B19: Blank Template | G19: Completed Template
B21: Resource Description | E21: Units | G21: Resource Description | J21: Units
B22: Server & Storage | G22: Server & Storage
C23: [Resource Unit Category] | H23: Server Instances
D24: [Resource Unit] | H24: Consolidated Data Centers Support - Virtual
D25: [Resource Unit] | H25: x86 Windows
D26: [Resource Unit] | I26: Platinum | J26: Instance
D27: [Resource Unit] | I27: Gold | J27: Instance
D28: [Resource Unit] | I28: Silver | J28: Instance
D29: [Resource Unit] | I29: Bronze | J29: Instance
D30: [Resource Unit] | H30: x86 Linux
D31: [Resource Unit] | I31: Platinum | J31: Instance
D32: [Resource Unit] | I32: Gold | J32: Instance
D33: [Resource Unit] | I33: Silver | J33: Instance
I34: Bronze | J34: Instance
H35: UNIX
C36: [Resource Unit Category] | I36: Platinum | J36: Instance
D37: [Resource Unit] | I37: Gold | J37: Instance
D38: [Resource Unit] | I38: Silver | J38: Instance
D39: [Resource Unit] | I39: Bronze | J39: Instance
D40: [Resource Unit] | H40: Consolidated Data Centers Support - Physical
D41: [Resource Unit] | H41: x86 Windows
D42: [Resource Unit] | I42: Platinum | J42: Instance
D43: [Resource Unit] | I43: Gold | J43: Instance
D44: [Resource Unit] | I44: Silver | J44: Instance
D45: [Resource Unit] | I45: Bronze | J45: Instance
D46: [Resource Unit] | H46: x86 Linux
I47: Platinum | J47: Instance
C48: [Resource Unit Category] | I48: Gold | J48: Instance
D49: [Resource Unit] | I49: Silver | J49: Instance
D50: [Resource Unit] | I50: Bronze | J50: Instance
D51: [Resource Unit] | H51: UNIX
D52: [Resource Unit] | I52: Platinum | J52: Instance
D53: [Resource Unit] | I53: Gold | J53: Instance
D54: [Resource Unit] | I54: Silver | J54: Instance
D55: [Resource Unit] | I55: Bronze | J55: Instance
D56: [Resource Unit] | H56: Non-Consolidated Data Centers Support - Virtual
D57: [Resource Unit] | H57: x86 Windows
D58: [Resource Unit] | I58: Platinum | J58: Instance
I59: Gold | J59: Instance
C60: [Resource Unit Category] | I60: Silver | J60: Instance
D61: [Resource Unit] | I61: Bronze | J61: Instance
D62: [Resource Unit] | H62: x86 Linux
D63: [Resource Unit] | I63: Platinum | J63: Instance
D64: [Resource Unit] | I64: Gold | J64: Instance
D65: [Resource Unit] | I65: Silver | J65: Instance
D66: [Resource Unit] | I66: Bronze | J66: Instance
D67: [Resource Unit] | H67: UNIX
D68: [Resource Unit] | I68: Platinum | J68: Instance
D69: [Resource Unit] | I69: Gold | J69: Instance
D70: [Resource Unit] | I70: Silver | J70: Instance
I71: Bronze | J71: Instance
C72: [Resource Unit Category] | H72: Non-Consolidated Data Centers Support - Physical
D73: [Resource Unit] | H73: x86 Windows
D74: [Resource Unit] | I74: Platinum | J74: Instance
D75: [Resource Unit] | I75: Gold | J75: Instance
D76: [Resource Unit] | I76: Silver | J76: Instance
D77: [Resource Unit] | I77: Bronze | J77: Instance
D78: [Resource Unit] | H78: x86 Linux
D79: [Resource Unit] | I79: Platinum | J79: Instance
D80: [Resource Unit] | I80: Gold | J80: Instance
D81: [Resource Unit] | I81: Silver | J81: Instance
D82: [Resource Unit] | I82: Bronze | J82: Instance
H83: UNIX
I84: Platinum | J84: Instance
I85: Gold | J85: Instance
I86: Silver | J86: Instance
I87: Bronze | J87: Instance
H89: Server Storage
H90: Consolidated Data Centers
H91: Disk Storage (SAN / NAS)
I92: Tier 0 Storage | J92: GB
I93: Tier 1 Storage | J93: GB
I94: Tier 2 Storage | J94: GB
I95: Tier 3 Storage | J95: GB
H96: Backup
I97: Backup & Recovery Active GB Protected | J97: GB
H98: Non-Consolidated Service Locations
H99: Disk Storage (SAN / NAS)
I100: Tier 2 Storage | J100: GB
I101: Tier 3 Storage | J101: GB
H102: Backup
I103: Backup & Recovery Active GB Protected | J103: GB

Sheet Total Estimated Charges
B1: VA-240920-NTT: Managed Public Cloud Services
B2: Total Estimated Charges (Annual Amounts in $)
J3: Renewal Option 1 | M3: Renewal Option 2
B4: Resource Description | E4: Contract Year 1 | F4: Contract Year 2 | G4: Contract Year 3 | H4: 3 Year Total | J4: Contract Year 4 | K4: 4 Year Total | M4: Contract Year 5 | N4: 5 Year Total
B5: MANAGED PUBLIC CLOUD SERVICES
C6: Account Management
D7: Cross Functional/Account Management (Exh 4.2 section 2.1) | E7: =('Monthly Unit Rates'!E8*'Supplier Estimated Volumes'!E8)*12 -> 870000 | F7: =('Monthly Unit Rates'!F8*'Supplier Estimated Volumes'!F8)*12 -> 870000 | G7: =('Monthly Unit Rates'!G8*'Supplier Estimated Volumes'!G8)*12 -> 870000 | H7: =SUM(E7:G7) -> 2610000 | J7: =('Monthly Unit Rates'!J8*'Supplier Estimated Volumes'!J8)*12 -> 870000 | K7: =SUM(H7:J7) -> 3480000 | M7: =('Monthly Unit Rates'!M8*'Supplier Estimated Volumes'!M8)*12 -> 870000 | N7: =SUM(K7:M7) -> 4350000
D8: Subtotal | E8: =SUM(E7:E7) -> 870000 | F8: =SUM(F7:F7) -> 870000 | G8: =SUM(G7:G7) -> 870000 | H8: =SUM(H7:H7) -> 2610000 | J8: =SUM(J7:J7) -> 870000 | K8: =SUM(K7:K7) -> 3480000 | M8: =SUM(M7:M7) -> 870000 | N8: =SUM(N7:N7) -> 4350000
C10: Managed Public Cloud Support
D11: 2.2.1 Consumption Pricing: $0 to $225,000 | E11: =('Monthly Unit Rates'!E11*'Supplier Estimated Volumes'!E11)*12 -> 0 | F11: =('Monthly Unit Rates'!F11*'Supplier Estimated Volumes'!F11)*12 -> 0 | G11: =('Monthly Unit Rates'!G11*'Supplier Estimated Volumes'!G11)*12 -> 0 | H11: =SUM(E11:G11) -> 0 | J11: =('Monthly Unit Rates'!J11*'Supplier Estimated Volumes'!J11)*12 -> 0 | K11: =SUM(H11:J11) -> 0 | M11: =('Monthly Unit Rates'!M11*'Supplier Estimated Volumes'!M11)*12 -> 0 | N11: =SUM(K11:M11) -> 0
D12: $225,000 to $499,999 | E12: =ROUND(('Monthly Unit Rates'!E12*'Supplier Estimated Volumes'!E12)*12,0) -> 930864 | F12: =ROUND(('Monthly Unit Rates'!F12*'Supplier Estimated Volumes'!F12)*12,0) -> 930864 | G12: =ROUND(('Monthly Unit Rates'!G12*'Supplier Estimated Volumes'!G12)*12,0) -> 930864 | H12: =SUM(E12:G12) -> 2792592 | J12: =ROUND(('Monthly Unit Rates'!J12*'Supplier Estimated Volumes'!J12)*12,0) -> 930864 | K12: =SUM(H12:J12) -> 3723456 | M12: =ROUND(('Monthly Unit Rates'!M12*'Supplier Estimated Volumes'!M12)*12,0) -> 930864 | N12: =SUM(K12:M12) -> 4654320
D13: $500,000 to $749,999 | E13: =('Monthly Unit Rates'!E13*'Supplier Estimated Volumes'!E13)*12 -> 0 | F13: =('Monthly Unit Rates'!F13*'Supplier Estimated Volumes'!F13)*12 -> 0 | G13: =('Monthly Unit Rates'!G13*'Supplier Estimated Volumes'!G13)*12 -> 0 | H13: =SUM(E13:G13) -> 0 | J13: =('Monthly Unit Rates'!J13*'Supplier Estimated Volumes'!J13)*12 -> 0 | K13: =SUM(H13:J13) -> 0 | M13: =('Monthly Unit Rates'!M13*'Supplier Estimated Volumes'!M13)*12 -> 0 | N13: =SUM(K13:M13) -> 0
D14: $750,000 to $999,999 | E14: =('Monthly Unit Rates'!E14*'Supplier Estimated Volumes'!E14)*12 -> 0 | F14: =('Monthly Unit Rates'!F14*'Supplier Estimated Volumes'!F14)*12 -> 0 | G14: =('Monthly Unit Rates'!G14*'Supplier Estimated Volumes'!G14)*12 -> 0 | H14: =SUM(E14:G14) -> 0 | J14: =('Monthly Unit Rates'!J14*'Supplier Estimated Volumes'!J14)*12 -> 0 | K14: =SUM(H14:J14) -> 0 | M14: =('Monthly Unit Rates'!M14*'Supplier Estimated Volumes'!M14)*12 -> 0 | N14: =SUM(K14:M14) -> 0
D15: $1,000,000 to $1,499,999 | E15: =ROUND(('Monthly Unit Rates'!E15*'Supplier Estimated Volumes'!E15)*12,0) -> 0 | F15: =('Monthly Unit Rates'!F15*'Supplier Estimated Volumes'!F15)*12 -> 0 | G15: =ROUND(('Monthly Unit Rates'!G15*'Supplier Estimated Volumes'!G15)*12,0) -> 0 | H15: =SUM(E15:G15) -> 0 | J15: =('Monthly Unit Rates'!J15*'Supplier Estimated Volumes'!J15)*12 -> 0 | K15: =SUM(H15:J15) -> 0 | M15: =('Monthly Unit Rates'!M15*'Supplier Estimated Volumes'!M15)*12 -> 0 | N15: =SUM(K15:M15) -> 0
D16: $1,500,000 to $1,999,999 | E16: =('Monthly Unit Rates'!E16*'Supplier Estimated Volumes'!E16)*12 -> 0 | F16: =('Monthly Unit Rates'!F16*'Supplier Estimated Volumes'!F16)*12 -> 0 | G16: =('Monthly Unit Rates'!G16*'Supplier Estimated Volumes'!G16)*12 -> 0 | H16: =SUM(E16:G16) -> 0 | J16: =('Monthly Unit Rates'!J16*'Supplier Estimated Volumes'!J16)*12 -> 0 | K16: =SUM(H16:J16) -> 0 | M16: =('Monthly Unit Rates'!M16*'Supplier Estimated Volumes'!M16)*12 -> 0 | N16: =SUM(K16:M16) -> 0
D17: $2,000,000 to $2,249,999 | E17: =('Monthly Unit Rates'!E17*'Supplier Estimated Volumes'!E17)*12 -> 0 | F17: =('Monthly Unit Rates'!F17*'Supplier Estimated Volumes'!F17)*12 -> 0 | G17: =('Monthly Unit Rates'!G17*'Supplier Estimated Volumes'!G17)*12 -> 0 | H17: =SUM(E17:G17) -> 0 | J17: =('Monthly Unit Rates'!J17*'Supplier Estimated Volumes'!J17)*12 -> 0 | K17: =SUM(H17:J17) -> 0 | M17: =('Monthly Unit Rates'!M17*'Supplier Estimated Volumes'!M17)*12 -> 0 | N17: =SUM(K17:M17) -> 0
D18: $2,250,000 to $2,499,999 | E18: =('Monthly Unit Rates'!E18*'Supplier Estimated Volumes'!E18)*12 -> 0 | F18: =('Monthly Unit Rates'!F18*'Supplier Estimated Volumes'!F18)*12 -> 0 | G18: =('Monthly Unit Rates'!G18*'Supplier Estimated Volumes'!G18)*12 -> 0 | H18: =SUM(E18:G18) -> 0 | J18: =('Monthly Unit Rates'!J18*'Supplier Estimated Volumes'!J18)*12 -> 0 | K18: =SUM(H18:J18) -> 0 | M18: =('Monthly Unit Rates'!M18*'Supplier Estimated Volumes'!M18)*12 -> 0 | N18: =SUM(K18:M18) -> 0
D19: $2,500,000 to $2,749,999 | E19: =('Monthly Unit Rates'!E19*'Supplier Estimated Volumes'!E19)*12 -> 0 | F19: =('Monthly Unit Rates'!F19*'Supplier Estimated Volumes'!F19)*12 -> 0 | G19: =('Monthly Unit Rates'!G19*'Supplier Estimated Volumes'!G19)*12 -> 0 | H19: =SUM(E19:G19) -> 0 | J19: =('Monthly Unit Rates'!J19*'Supplier Estimated Volumes'!J19)*12 -> 0 | K19: =SUM(H19:J19) -> 0 | M19: =('Monthly Unit Rates'!M19*'Supplier Estimated Volumes'!M19)*12 -> 0 | N19: =SUM(K19:M19) -> 0
D20: $2,750,000 + | E20: =('Monthly Unit Rates'!E20*'Supplier Estimated Volumes'!E20)*12 -> 0 | F20: =('Monthly Unit Rates'!F20*'Supplier Estimated Volumes'!F20)*12 -> 0 | G20: =('Monthly Unit Rates'!G20*'Supplier Estimated Volumes'!G20)*12 -> 0 | H20: =SUM(E20:G20) -> 0 | J20: =('Monthly Unit Rates'!J20*'Supplier Estimated Volumes'!J20)*12 -> 0 | K20: =SUM(H20:J20) -> 0 | M20: =('Monthly Unit Rates'!M20*'Supplier Estimated Volumes'!M20)*12 -> 0 | N20: =SUM(K20:M20) -> 0
D21: Subtotal | E21: =SUM(E11:E20) -> 930864 | F21: =SUM(F11:F20) -> 930864 | G21: =SUM(G11:G20) -> 930864 | H21: =SUM(H11:H20) -> 2792592 | J21: =SUM(J11:J20) -> 930864 | K21: =SUM(K11:K20) -> 3723456 | M21: =SUM(M11:M20) -> 930864 | N21: =SUM(N11:N20) -> 4654320
C23: Other Services
D24: 2.3.1 Standard VM Migration | E24: 0 | F24: 0 | G24: 0 | H24: =SUM(E24:G24) -> 0 | J24: 0 | K24: =SUM(H24:J24) -> 0 | M24: 0 | N24: =SUM(K24:M24) -> 0
D25: Subtotal | E25: =SUM(E24:E24) -> 0 | F25: =SUM(F24:F24) -> 0 | G25: =SUM(G24:G24) -> 0 | H25: =SUM(H24:H24) -> 0 | J25: =SUM(J24:J24) -> 0 | K25: =SUM(K24:K24) -> 0 | M25: =SUM(M24:M24) -> 0 | N25: =SUM(N24:N24) -> 0
C27: ="TOTAL "&B5 -> TOTAL MANAGED PUBLIC CLOUD SERVICES | E27: =E8+E21+E25 -> 1800864 | F27: =F8+F21+F25 -> 1800864 | G27: =G8+G21+G25 -> 1800864 | H27: =H8+H21+H25 -> 5402592 | J27: =J8+J21+J25 -> 1800864 | K27: =K8+K21+K25 -> 7203456 | M27: =M8+M21+M25 -> 1800864 | N27: =N8+N21+N25 -> 9004320
B30: GRAND TOTAL CHARGES | E30: =E27 -> 1800864 | F30: =F27 -> 1800864 | G30: =G27 -> 1800864 | H30: =H27 -> 5402592 | J30: =J27 -> 1800864 | K30: =K27 -> 7203456 | M30: =M27 -> 1800864 | N30: =N27 -> 9004320

Sheet Monthly Unit Rates
B1: ='Total Estimated Charges'!B1 -> VA-240920-NTT: Managed Public Cloud Services
B2: Monthly Unit Rates ($)
J4: Renewal Option 1 | M4: Renewal Option 2
B5: Resource Description | E5: Contract Year 1 | F5: Contract Year 2 | G5: Contract Year 3 | H5: 3 Year Total | J5: Contract Year 4 | M5: Contract Year 5
B6: ='Total Estimated Charges'!B5 -> MANAGED PUBLIC CLOUD SERVICES
C7: ='Total Estimated Charges'!C6 -> Account Management
D8: ='Total Estimated Charges'!D7 -> Cross Functional/Account Management (Exh 4.2 section 2.1) | E8: 72500 | F8: =E8 -> 72500 | G8: =F8 -> 72500 | H8: =SUM(E8:G8) -> 217500 | J8: =G8 -> 72500 | M8: =J8 -> 72500
C10: ='Total Estimated Charges'!C10 -> Managed Public Cloud Support
D11: ='Total Estimated Charges'!D11 -> 2.2.1 Consumption Pricing: $0 to $225,000 | E11: 0.3 | F11: =E11 -> 0.3 | G11: =F11 -> 0.3 | H11: =SUM(E11:G11) -> 0.9 | J11: =G11 -> 0.3 | M11: =J11 -> 0.3
D12: ='Total Estimated Charges'!D12 -> $225,000 to $499,999 | E12: 0.26 | F12: =E12 -> 0.26 | G12: =F12 -> 0.26 | H12: =SUM(E12:G12) -> 0.78 | J12: =G12 -> 0.26 | M12: =J12 -> 0.26
D13: ='Total Estimated Charges'!D13 -> $500,000 to $749,999 | E13: 0.25 | F13: =E13 -> 0.25 | G13: =F13 -> 0.25 | H13: =SUM(E13:G13) -> 0.75 | J13: =G13 -> 0.25 | M13: =J13 -> 0.25
D14: ='Total Estimated Charges'!D14 -> $750,000 to $999,999 | E14: 0.24 | F14: =E14 -> 0.24 | G14: =F14 -> 0.24 | H14: =SUM(E14:G14) -> 0.72 | J14: =G14 -> 0.24 | M14: =J14 -> 0.24
D15: ='Total Estimated Charges'!D15 -> $1,000,000 to $1,499,999 | E15: 0.19 | F15: =E15 -> 0.19 | G15: =F15 -> 0.19 | H15: =SUM(E15:G15) -> 0.57 | J15: =G15 -> 0.19 | M15: =J15 -> 0.19
D16: ='Total Estimated Charges'!D16 -> $1,500,000 to $1,999,999 | E16: 0.14 | F16: =E16 -> 0.14 | G16: =F16 -> 0.14 | H16: =SUM(E16:G16) -> 0.42 | J16: =G16 -> 0.14 | M16: =J16 -> 0.14
D17: ='Total Estimated Charges'!D17 -> $2,000,000 to $2,249,999 | E17: 0.13 | F17: =E17 -> 0.13 | G17: =F17 -> 0.13 | H17: =SUM(E17:G17) -> 0.39 | J17: =G17 -> 0.13 | M17: =J17 -> 0.13
D18: ='Total Estimated Charges'!D18 -> $2,250,000 to $2,499,999 | E18: 0.12 | F18: =E18 -> 0.12 | G18: =F18 -> 0.12 | H18: =SUM(E18:G18) -> 0.36 | J18: =G18 -> 0.12 | M18: =J18 -> 0.12
D19: ='Total Estimated Charges'!D19 -> $2,500,000 to $2,749,999 | E19: 0.11 | F19: =E19 -> 0.11 | G19: =F19 -> 0.11 | H19: =SUM(E19:G19) -> 0.33 | J19: =G19 -> 0.11 | M19: =J19 -> 0.11
D20: ='Total Estimated Charges'!D20 -> $2,750,000 + | E20: 0.1 | F20: =E20 -> 0.1 | G20: =F20 -> 0.1 | H20: =SUM(E20:G20) -> 0.3 | J20: =G20 -> 0.1 | M20: =J20 -> 0.1
C22: ='Total Estimated Charges'!C23 -> Other Services
D23: ='Total Estimated Charges'!D24 -> 2.3.1 Standard VM Migration | E23: 850 | F23: 850 | G23: 850 | H23: =SUM(E23:G23) -> 2550 | J23: 850 | M23: 850

Sheet Supplier Estimated Volumes
B1: ='Total Estimated Charges'!B1 -> VA-240920-NTT: Managed Public Cloud Services
B2: Supplier Estimated Monthly Volumes
J4: Renewal Option 1 | M4: Renewal Option 2
B5: Resource Description | E5: Contract Year 1 | F5: Contract Year 2 | G5: Contract Year 3 | H5: 3 Year Total | J5: Contract Year 4 | M5: Contract Year 5
B6: ='Total Estimated Charges'!B5 -> MANAGED PUBLIC CLOUD SERVICES
C7: ='Total Estimated Charges'!C6 -> Account Management
D8: ='Total Estimated Charges'!D7 -> Cross Functional/Account Management (Exh 4.2 section 2.1) | E8: 1 | F8: 1 | G8: 1 | H8: =SUM(E8:G8) -> 3 | J8: 1 | M8: 1
C10: ='Total Estimated Charges'!C10 -> Managed Public Cloud Support
D11: ='Total Estimated Charges'!D11 -> 2.2.1 Consumption Pricing: $0 to $225,000 | E11: 0 | F11: 0 | G11: 0 | H11: =SUM(E11:G11) -> 0 | J11: 0 | M11: 0
D12: ='Total Estimated Charges'!D12 -> $225,000 to $499,999 | E12: 298354 | F12: =E12 -> 298354 | G12: =F12 -> 298354 | H12: =SUM(E12:G12) -> 895062 | J12: =G12 -> 298354 | M12: =J12 -> 298354
D13: ='Total Estimated Charges'!D13 -> $500,000 to $749,999 | E13: 0 | F13: 0 | G13: 0 | H13: =SUM(E13:G13) -> 0 | J13: 0 | M13: 0
D14: ='Total Estimated Charges'!D14 -> $750,000 to $999,999 | E14: 0 | F14: 0 | G14: 0 | H14: =SUM(E14:G14) -> 0 | J14: 0 | M14: 0
D15: ='Total Estimated Charges'!D15 -> $1,000,000 to $1,499,999 | E15: 0 | F15: 0 | G15: 0 | H15: =SUM(E15:G15) -> 0 | J15: 0 | M15: 0
D16: ='Total Estimated Charges'!D16 -> $1,500,000 to $1,999,999 | E16: 0 | F16: 0 | G16: 0 | H16: =SUM(E16:G16) -> 0 | J16: 0 | M16: 0
D17: ='Total Estimated Charges'!D17 -> $2,000,000 to $2,249,999 | E17: 0 | F17: 0 | G17: 0 | H17: =SUM(E17:G17) -> 0 | J17: 0 | M17: 0
D18: ='Total Estimated Charges'!D18 -> $2,250,000 to $2,499,999 | E18: 0 | F18: 0 | G18: 0 | H18: =SUM(E18:G18) -> 0 | J18: 0 | M18: 0
D19: ='Total Estimated Charges'!D19 -> $2,500,000 to $2,749,999 | E19: 0 | F19: 0 | G19: 0 | H19: =SUM(E19:G19) -> 0 | J19: 0 | M19: 0
D20: ='Total Estimated Charges'!D20 -> $2,750,000 + | E20: 0 | F20: 0 | G20: 0 | H20: =SUM(E20:G20) -> 0 | J20: 0 | M20: 0
C22: ='Total Estimated Charges'!C23 -> Other Services
D23: ='Total Estimated Charges'!D24 -> 2.3.1 Standard VM Migration | E23: 0 | F23: 0 | G23: 0 | H23: =SUM(E23:G23) -> 0 | J23: 0 | M23: 0

Sheet Pass-Through
B1: ='Total Estimated Charges'!B1 -> VA-240920-NTT: Managed Public Cloud Services
B2: Pass-Through Expenses ($)
J4: Renewal Option 1 | M4: Renewal Option 2
B5: Description | E5: Contract Year 1 | F5: Contract Year 2 | G5: Contract Year 3 | H5: 3 Year Total | J5: Contract Year 4 | K5: 4 Year Total | M5: Contract Year 5 | N5: 5 Year Total
B6: ='Total Estimated Charges'!B5 -> MANAGED PUBLIC CLOUD SERVICES
C7: Pass-Through Expenses
D8: SOC Audit | E8: 250000 | F8: 250000 | G8: 250000 | H8: =SUM(E8:G8) -> 750000 | J8: 250000 | K8: =SUM(H8:J8) -> 1000000 | M8: 250000 | N8: =SUM(K8:M8) -> 1250000
D9: Total Pass-Through Expenses | E9: =SUM(E8:E8) -> 250000 | F9: =SUM(F8:F8) -> 250000 | G9: =SUM(G8:G8) -> 250000 | H9: =SUM(H8:H8) -> 750000 | J9: =SUM(J8:J8) -> 250000 | K9: =SUM(K8:K8) -> 1000000 | M9: =SUM(M8:M8) -> 250000 | N9: =SUM(N8:N8) -> 1250000

Sheet Milestone Charges
B1: ='Total Estimated Charges'!B1 -> VA-240920-NTT: Managed Public Cloud Services
B2: Milestone Charges
B3: ($)
H6: Scenario 1: Milestone Charges - Paid at Completion | N6: Scenario 2: Milestone Charges - Paid over Term
C7: Critical Milestone | D7: Reference Document | E7: Completion Criteria Ref | F7: Completion Date | H7: Year -1 (Note 1) | I7: Contract Year 1 | J7: Contract Year 2 | K7: Contract Year 3 | L7: Total | N7: Contract Year 1 | O7: Contract Year 2 | P7: Contract Year 3 | Q7: Total
C10: ='Total Estimated Charges'!B5 -> MANAGED PUBLIC CLOUD SERVICES
C11: Tranistion Initial Document Submission | D11: VITA-RFP 2023-03 - Clarified Response - Exhibit 2.4.1_Implementation Milestones -NTT DATA.xlsx | E11: M-01, OTD 3.3.1, OTD 3.10.1 | F11: 45665 | H11: 198045.56 | J11: 0 | K11: 0 | L11: =SUM(H11:K11) -> 198045.56 | N11: 70165.048 | O11: 70165.048 | P11: 70165.048 | Q11: =SUM(N11:P11) -> 210495.15
C12: Transition Month 2 services submission and approval | D12: VITA-RFP 2023-03 - Clarified Response - Exhibit 2.4.1_Implementation Milestones -NTT DATA.xlsx | E12: OTD 3.2, OTD 3.4, OTD 3.11, OTD 3.12 | F12: 45730 | H12: 169024.64 | J12: 0 | K12: 0 | L12: =SUM(H12:K12) -> 169024.64 | N12: 59883.302 | O12: 59883.302 | P12: 59883.302 | Q12: =SUM(N12:P12) -> 179649.91
C13: Transition Complete Services Commence | D13: VITA-RFP 2023-03 - Clarified Response - Exhibit 2.4.1_Implementation Milestones -NTT DATA.xlsx | E13: M-07 | F13: 45747 | H13: 188964.12 | J13: 0 | K13: 0 | L13: =SUM(H13:K13) -> 188964.12 | N13: 66947.609 | O13: 66947.609 | P13: 66947.609 | Q13: =SUM(N13:P13) -> 200842.83
C14: Total Milestone Payments | H14: =SUM(H11:H13) -> 556034.32 | I14: =SUM(I11:I13) -> 0 | J14: =SUM(J11:J13) -> 0 | K14: =SUM(K11:K13) -> 0 | L14: =SUM(L11:L13) -> 556034.32 | N14: =SUM(N11:N13) -> 196995.96 | O14: =SUM(O11:O13) -> 196995.96 | P14: =SUM(P11:P13) -> 196995.96 | Q14: =SUM(Q11:Q13) -> 590987.88
C17: Notes:
C18: 1) Year -1 means the time after signature and prior to Commencement Date

Sheet Rate Card
B1: ='Total Estimated Charges'!B1 -> VA-240920-NTT: Managed Public Cloud Services
B2: Rate Card
B3: ($)
I6: Renewal Option 1 | J6: Renewal Option 2
B7: Resource Type | C7: Units | D7: Annual Productive Hours | F7: Contract Year 1 | G7: Contract Year 2 | H7: Contract Year 3 | I7: Contract Year 4 | J7: Contract Year 5
B8: Program Manger | C8: Hours | D8: 1920 | F8: 129 | G8: 129 | H8: 129 | I8: 129 | J8: 129
B9: Security Analyst | C9: Hours | D9: 1920 | F9: 140 | G9: 140 | H9: 140 | I9: 140 | J9: 140
B10: SQL DBA | C10: Hours | D10: 1920 | F10: 136.72857 | G10: 136.72857 | H10: 136.72857 | I10: 136.72857 | J10: 136.72857
B11: Senior Cloud Architect / Enterprise / BSM | C11: Hours | D11: 1920 | F11: 185 | G11: 185 | H11: 185 | I11: 185 | J11: 185
B12: Medium Cloud Engineer (US) | C12: Hours | D12: 1920 | F12: 134.83164 | G12: 134.83164 | H12: 134.83164 | I12: 134.83164 | J12: 134.83164
B13: Cloud Engineer (US) With DBA Skill | C13: Hours | D13: 1920 | F13: 155.05744 | G13: 155.05744 | H13: 155.05744 | I13: 155.05744 | J13: 155.05744
B14: Project Manager | C14: Hours | D14: 1920 | F14: 138 | G14: 138 | H14: 138 | I14: 138 | J14: 138
B15: Network Engineer | C15: Hours | D15: 1920 | F15: 136 | G15: 136 | H15: 136 | I15: 136 | J15: 136
B16: Technical Writer | C16: Hours | D16: 1920 | F16: 84 | G16: 84 | H16: 84 | I16: 84 | J16: 84
B17: Business Analyst | C17: Hours | D17: 1920 | F17: 117 | G17: 117 | H17: 117 | I17: 117 | J17: 117
B18: System Analyst | C18: Hours | D18: 1920 | F18: 118 | G18: 118 | H18: 118 | I18: 118 | J18: 118
B19: Enterprise Architect | C19: Hours | D19: 1920 | F19: 185 | G19: 185 | H19: 185 | I19: 185 | J19: 185
... B22: OCM Analyst | C22: Hours | D22: 1920 | F22: 193 | G22: 193 | H22: 193 | I22: 193 | J22: 193
B27: Resource Type | C27: Minimum Yrs Exp in Role | D27: Total Experience | F27: Role Description | I27: Qualifications
B29: Program Manager | C29: 8 | D29: 12 | E29: i. | F29: Organizing programs and activities in accordance with the mission and goals of the organization. Developing new programs to support the strategic direction of the organization. Creating and managing long-term goals. Developing a budget and operating plan for the program. technologies and recommends application solutions to address | I29: Bachelor's Degree in Computer Science, Business, or Information Systems preferred
E30: ii. | I30: At least five years of experience in program management
E31: iii. | I31: At least ten years of experience in IT and or business-related disciplines
E32: iv.
B33: Security Analyst | C33: 5 | D33: 8 | E33: i. | F33: Responsible for installing and uninstalling various security programs These programs often protect sensitive data using firewalls and data-encryption technology, and they must be updated on a regular basis to remove bugs and add new features | I33: Bachelor's Degree in Computer Science or Information Systems preferred
E34: ii. | I34: At least one certification in security-related IT subject
E35: iii.
E36: iv.
B37: SQL DBA | C37: 5 | D37: 8 | E37: i. | F37: Responsible for monitoring, patching, configuring, Databases servers. | I37: Bachelor's Degree in Computer Science or Information Systems preferred
E38: ii.
E39: iii.
E40: iv.
B41: Senior Cloud Architect / Enterprise / BSM | C41: 6 | D41: 10 | E41: i. | F41: Responsible for translating the client's business requirements into specific systems, applications or process designs with interlocked financial modeling for very large complex technical solutions. Analyzes customer service requirements and designs service solutions to meet those objectives. Primary expert to construct the specific solution, scope document, risk profile, and corresponding financials. Maintains and utilizes detailed industry and internal services knowledge in the construction of industry-leading services solutions, including expert working level knowledge of the processes, technologies, and people components involved in the services arena. Uses expertise to construct specific and detailed solutions that encompass process, technology, and staffing plans for customer sales opportunities. Constructs risk assessments and corresponding remediation plans relative to complex services proposals. Participates in the construction of detailed financial models that align with complex services proposals. Composes Statement of Work or other documents, using departmental automation tools as available, to craft detailed and accurate deliverables that specify processes, technology, staffing, and project management involved in proposed services solutions. As needed, provide a "trusted expert advisor" role as a Subject Matter Expert for technical services, to both internal and external customers, ranging from formal advice to internal and external customer presentations. Follow all organizational Standard Operating Procedures relative to cost modeling, approvals and reviews, and all other associated workflow and deliverables. nts | I41: Bachelor's Degree in Computer Science or Information Systems preferred
E42: ii. | I42: Current certifications across diverse and industry-recognized IT subjects
E43: iii. | I43: At least ten years of experience in IT with three as chief architect
E44: iv.
B45: Medium Cloud Engineer (US) | C45: 5 | D45: 8 | E45: i. | F45: Designs and develops Cloud solutions including technical design, implementation, and maintenance of applications and supporting databases. Researches new issues or improve functionality of solutions. | I45: Bachelor's Degree in Computer Science or Engineering preferred
E46: ii.
E47: iii.
E48: iv.
B49: Cloud Engineer (US) With DBA Skill | C49: 6 | D49: 10 | E49: i. | F49: Designs and develops Cloud solutions including technical design, implementation, and maintenance of applications and supporting databases. Researches new issues or improve functionality of solutions. | I49: Bachelor's Degree in Computer Science or Engineering preferred
E50: ii. | I50: At least three years in enterprise-level applications development required
E51: iii.
E52: iv.
B53: Project Manager | C53: 8 | D53: 12 | E53: i. | F53: Project managers are the people in charge of a specific project or projects within a company. As the project manager, your job is to plan, budget, oversee and document all aspects of the specific project you are working on. Project managers might work by themselves or be in charge of a team to get the job done. | I53: Bachleor's Degree in Computer Science, Business, or Information Systems preferred
E54: ii. | I54: At least five years experience in Project Management
E55: iii. | I55: PMP certification preferred
E56: iv. | I56: Demonstration of successful project management with on time and on budget resutls
B57: Network Engineer | C57: 5 | D57: 8 | E57: i. | F57: Responsible for installing networking technologies and supporting networks. Performs highly complex network engineering work. Data engineer that operates, monitors and manages network infrastructure. Responsible for the design, implementation, management and operational support of Network Infrastructure. Assesses existing network configurations and makes recommendations based on product specifications. Configures equipment and software to meet business needs, trains others on the solution, and documents the solution for ongoing support. Functions as part of a team on larger projects, or individually provides the services on support visits or smaller projects. Provides technical support and assists with the design of network solutions. Requires experience in the technical services and support field as well as experience in network administration (DHCP, DNS, routers, firewall, etc.). | I57: Bachelor's Degree in Computer Science or Information Systems preferred
E58: ii. | I58: At least one certification in network-related IT subject
E59: iii.
E60: iv.
B61: Technical Writer | C61: 8 | D61: 12 | E61: i. | F61: Develops and maintains user and technical documentation and project process documentation for Application Teams. Understands the user’s view of applications and/or technology and is able to put procedures in a logical sequence. Provides expertise on technical concepts of applications and /or user groups and structuring procedures in a logical sequence, due to a broad understanding of the applications. Writes a variety of technical articles, reports, brochures, and/or manuals for documentation for a wide range of uses. May be responsible for coordinating the display of graphics and the production of the document. | I61: Bachelor's Degree
E62: ii.
E63: iii.
E64: iv.
B65: Business Analyst | C65: 5 | D65: 8 | E65: i. | F65: Reviews, analyzes, and evaluates business systems and user needs. Formulates systems to parallel overall business strategies. Experienced with business process reengineering and identifying new applications of technology to business problems to make business more effective. Familiar with industry standard business process mapping, and reengineering. Prepares solution options, risk identification, and financial analyses such as cost/benefit, ROI, buy/build, etc. Writes detailed description of user needs, program functions, and steps required to develop or modify computer programs. | I65: Bachelor's Degree
E66: ii.
E67: iii.
E68: iv.
B69: System Analyst | C69: 5 | D69: 8 | E69: i. | F69: Understands business objectives and problems, identifies alternative solutions, performs studies and cost/benefit analysis of alternatives. Analyzes user requirements, procedures, and problems to automate processing or to improve existing computer system: Confers with personnel of organizational units involved to analyze current operational procedures, identify problems, and learn specific input and output requirements, such as forms of data input, how data is to be summarized, and formats for reports. Writes detailed description of user needs, program functions, and steps required to develop or modify computer program. Reviews computer system capabilities, specifications, and scheduling limitations to determine if requested program or program change is possible within existing system. | I69: Bachelor's Degree in Computer Science or Information Systems preferred
E70: ii.
E71: iii.
E72: iv.
B73: Enterprise Architect | C73: 8 | D73: 12 | E73: i. | F73: Responsible for translating the client's business requirements into specific systems, applications or process designs with interlocked financial modeling for very large complex technical solutions. Analyzes customer service requirements and designs service solutions to meet those objectives. Primary expert to construct the specific solution, scope document, risk profile, and corresponding financials. Maintains and utilizes detailed industry and internal services knowledge in the construction of industry-leading services solutions, including expert working level knowledge of the processes, technologies, and people components involved in the services arena. Uses expertise to construct specific and detailed solutions that encompass process, technology, and staffing plans for customer sales opportunities. Constructs risk assessments and corresponding remediation plans relative to complex services proposals. Participates in the construction of detailed financial models that align with complex services proposals. Composes Statement of Work or other documents, using departmental automation tools as available, to craft detailed and accurate deliverables that specify processes, technology, staffing, and project management involved in proposed services solutions. As needed, provide a "trusted expert advisor" role as a Subject Matter Expert for technical services, to both internal and external customers, ranging from formal advice to internal and external customer presentations. Follow all organizational Standard Operating Procedures relative to cost modeling, approvals and reviews, and all other associated workflow and deliverables. nts | I73: Bachelor's Degree in Computer Science or Information Systems preferred
E74: ii. | I74: Current certifications across diverse and industry-recognized IT subjects
E75: iii. | I75: At least ten years of experience in IT with three as chief architect
E76: iv.
B77: Security Engineer | C77: 2 | D77: 5 | E77: i. | F77: Responsible for the provisioning, deployment, configuration, and administration of many different pieces of network and security-related hardware and software. These include firewalls, routers, switches, various network-monitoring tools, and virtual private networks (VPNs). | I77: Bachelor's Degree in Computer Science or Information Systems preferred
E78: ii. | I78: At least one certification in security-related IT subject
E79: iii.
E80: iv.
B81: Security Architect | C81: 7 | D81: 12 | E81: i. | F81: Defines computer security requirements for high-level applications, evaluates approved security product capabilities, and develops solutions to Multi-level Security (MLS) problems. Analyzes and defines security requirements for MLS issues. Designs, develops, Defines computer security requirements for high-level applications, evaluates approved security product capabilities, and develops solutions to Multi-level Security (MLS) problems. Analyzes and defines security requirements for MLS issues. Designs, develops, engineers, and implements solutions to MLS require-ments. Responsible for the implementation and development of the MLS. Gathers and organizes technical infor-mation about an organization’s mission, goals, and needs; existing security products; and ongoing programs in the MLS arena. Performs risk analyses, including risk assessments. | I81: Bachelor's Degree in Computer Science or Information Systems preferred
E82: ii. | I82: At least two certification in security-related IT subject
E83: iii.
E84: iv.
B85: OCM Analyst | C85: 4 | D85: 7 | E85: i. | F85: The primary role and responsibility of OCM analyst is to schedule, plan and execute releases, develop release plans, oversee release milestones, monitor related dependencies, manage risks and issues to ensure timely resolution. Executes project-level change strategies, including the measurement of change readiness and long-term sustainability. Assists in planning and designing business processes; assists in formulating recommendations to improve and support business activities. The analyst ensures the successful project delivery, long-term sustenance and continuous process improvements. Assists in creating basic test scenarios to be used in testing the business applications in order to verify that client requirements are incorporated into the system design. The OCM analyst works closely with the risk managers, application development team, quality assurance team, and other technology partners (DBAs, SAs, etc) to provide complete the IT Operations' tasks. The activities are creating change ticket, performing application releases, automate production release process, create reports/status updates, refresh environments for testing and scheduling/coordinating infrastructure activities. Manages scope - review changes with the Customer Director/Manager or the Program Manager, then resolve and document those changes with the product owners. Coordinates testing and communication strategies. Manages RFC documentation, make copies and files as needed. Tracks and reports on delinquent RFC completion status reporting; obtains data from RFC submitters. Reports status of each RFC. | I85: Bachelor's Degree
E86: ii. | I86: Advanced Degree or multiple certifications in management / project management required
E87: iii.
E88: iv.

Sheet CSP License Costs
B1: ='Total Estimated Charges'!B1 -> VA-240920-NTT: Managed Public Cloud Services
B2: CSP Service Costs
B3: ($)
H6: Renewal Option 1 | I6: Renewal Option 2
B7: Service Name | C7: Service Description | D7: Volume or Tier Discount Level | E7: Contract Year 1 | F7: Contract Year 2 | G7: Contract Year 3 | H7: Contract Year 4 | I7: Contract Year 5
B8: Microsoft Azure | C8: All items available from Azure estimator | D8: 10% off Microsoft List pricing | E8: -0.1 | F8: =E8 -> -0.1 | G8: =F8 -> -0.1 | H8: =G8 -> -0.1 | I8: =H8 -> -0.1
